 Dungeon Crawl Stone Soup version 0.31-a0-370-g25055926c8 (webtiles) character file.

Game seed: 10359115846279147803

44 Bnni the Shooter (level 3, 22/22 HPs)
             Began as a Tengu Hunter on July 29, 2023.
             Was a Follower of Makhleb.
             Quit the game on level 1 of the Dungeon.
             The game lasted 00:01:07 (812 turns).

Bnni the Shooter (Tengu Hunter)                      Turns: 812, Time: 00:01:07

Health: 22/22      AC:  3    Str: 11    XL:     3   Next: 60%
Magic:  4/4        EV: 12    Int:  9    God:    Makhleb [*.....]
Gold:   93         SH:  0    Dex: 19    Spells: 2/2 levels left

rFire   . . .        a - +0 shortbow
rCold   . . .        (shield currently unavailable)
rNeg    . . .        c - +0 leather armour
rPois   .            (helmet restricted)
rElec   .            (no cloak)
rCorr   .            (no gloves)
SInv    .            (boots unavailable)
Will    .....        (no amulet)
Stlth   ++           (no ring)
HPRegen 0.23/turn    (no ring)
MPRegen 0.09/turn

%: no passive effects
@: no status effects
A: beak, talons 3
a: Renounce Religion


You were on level 1 of the Dungeon.
You worshipped Makhleb.
Makhleb was aware of your devotion.
You visited 1 branch of the dungeon, and saw 1 of its levels.

You collected 93 gold pieces.

Inventory:

Hand Weapons
 a - a +0 shortbow (weapon)
Armour
 c - a +0 leather armour (worn)
Jewellery
 f - a ring of protection from fire
Scrolls
 b - a scroll of butterflies
 d - a scroll of poison {unknown}
 g - a scroll of noise {unknown}
 h - a scroll of blinking {unknown}
Potions
 e - a potion of enlightenment {unknown}
 i - 2 potions of might {unknown}
 j - a potion of heal wounds {unknown}


   Skills:
 + Level 2.7 Fighting
 * Level 5.3 Ranged Weapons
 - Level 2.1 Dodging
 - Level 1.0 Stealth


You had 2 spell levels left.
You didn't know any spells.
Your spell library contained the following spells:

 Spells                   Type           Power      Damage    Failure   Level
 Magic Dart               Conj           0%         1d3       47%         1
 Fulminant Prism          Conj/Hex       0%         3d5       99%         4
 Leda's Liquefaction      Hex/Erth       0%         N/A       99%         4
 Lee's Rapid Deconstruct  Erth           0%         3d4*      100%        5
 Leda's Unmaking          Conj/Erth      0%         9d1       100%        6


Dungeon Overview and Level Annotations

Branches:
Dungeon (1/15)

Altars:
Makhleb


Innate Abilities, Weirdness & Mutations

You have a beak for a mouth.
You have claws for feet.


Message History

A hobgoblin is nearby!
You shoot an arrow. The arrow barely misses the hobgoblin.
A hobgoblin is nearby!
You shoot an arrow. The arrow hits the hobgoblin.
You kill the hobgoblin!
There is an open door here.
You pick up the Reference Book on Fulmination and begin reading...
You add the spells Magic Dart and Fulminant Prism to your library.
No target in view!
Found a stone staircase leading down.
No target in view!
No target in view!
There is a stone staircase leading down here.
You now have 75 gold pieces (gained 12).
A ball python comes into view.
You shoot an arrow. The arrow hits the ball python!
You kill the ball python!
Found a stone staircase leading down.
No target in view!
There is a stone staircase leading down here.
There is an open door here.
Found a faded altar of an unknown god.
No target in view!
There is a faded altar of an unknown god here.
There is an abandoned shop here.
You now have 93 gold pieces (gained 18).
j - an emerald potion No target in view!
You see here a rat skeleton.
There is an abandoned shop here.
You see here a +0 flail.
Done exploring.
No target in view!
You see here a +0 flail.
There is a faded altar of an unknown god here.
This altar belongs to (a) Okawaru, (b) Sif Muna or (c) Makhleb, but you can't tell which.
Press the corresponding letter to learn more about a god, or press enter to convert or escape to cancel.
Makhleb accepts your prayer! Makhleb welcomes you!
You can now gain health from killing.
Are you sure you want to abandon this character and quit the game? (Confirm with "yes".)

.<.##....#.##...........# #.# #.
..##.....#.##..##.##########.# #.
###......#.##..##.........)..###.
.........#.##..##########........
.........#.##................###.
#.......##.##.#..########.#.####.
##.....##..#...∩.⌠........#....#.
.#######...####...######..#..#.#.
..........## #.@.# #..#..#...
################.## #.....###.
#................# #.......#.
#.#####.......##########.....#.#.
#+#####......÷.÷.............#.#.
.....##......................#.#.
.............................#.#.
..............##.............#.#.
.÷##÷.....)...##........÷......#.


There were no monsters in sight!

Vanquished Creatures
  A gnoll (D:1)
  An endoplasm (D:1)
  2 giant cockroaches (D:1)
  4 goblins (D:1)
  2 hobgoblins (D:1)
  4 jackals (D:1)
  2 quokkas (D:1)
  2 ball pythons (D:1)
  4 bats (D:1)
  3 kobolds (D:1)
  4 rats (D:1)
29 creatures vanquished.

Notes
Turn   | Place    | Note
-------+----------+-------------------------------------------
     0 | D:1      | Bnni the Tengu Hunter began the quest for the Orb.
     0 | D:1      | Reached XP level 1. HP: 12/12 MP: 2/2
    75 | D:1      | Reached XP level 2. HP: 17/17 MP: 3/3
   185 | D:1      | Reached skill level 5 in Ranged Weapons
   266 | D:1      | Reached XP level 3. HP: 22/22 MP: 4/4
   479 | D:1      | Got the Reference Book on Fulmination
   668 | D:1      | Found a faded altar of an unknown god.
   811 | D:1      | Prayed at the altar of an unknown god.
   811 | D:1      | Became a worshipper of Makhleb the Destroyer
   811 | D:1      | Reached * piety under Makhleb
   812 | D:1      | Quit the game

Illustrated notes

Levels and vault maps discovered:
D:1:      co_arrival_two_rings, layout_basic, ebering_ecumenical_altar_abandoned

Skill      XL: |  1  2 |
---------------+-------+-----
Ranged Weapons | 5 |  5.3
Fighting       | |  2.7
Dodging        | |  2.1
Stealth        | |  1.0

Action                     || total
---------------------------++-------
   Fire: Shortbow          ||    81
 Armour: Leather armour    ||     3
  Dodge: Dodged            ||    13

Table legend: (Time is in decaauts)
 A = Elapsed time spent in this place.
 B = Non-inter-level travel time spent in this place.
 C = Inter-level travel time spent in this place.
 D = Time resting spent in this place.
 E = Time spent auto-exploring this place.
 F = Levels seen in this place.
 G = Mean time per level.
                   A        B        C        D        E       F      G
               +--------+--------+--------+--------+--------+-----+--------+
         Total |    827 |    796 |     31 |      0 |    659 |   1 |  827.0 |
       Dungeon |    827 |    796 |     31 |      0 |    659 |   1 |  827.0 |
               +--------+--------+--------+--------+--------+-----+--------+

Top non-repeatable levels by time:
     D:1: 827 daAuts
